 Dungeon Crawl Stone Soup version 0.27.1 (webtiles) character file.

Game seed: 5775491866796884659

319 Tirrikindir the Slasher (level 6, -4/43 HPs)
             Began as an Octopode Fighter on Aug 27, 2021.
             Was an Initiate of Okawaru.
             Killed by divine providence
             ... invoked by an orc priest
              (15 damage)
             ... on level 4 of the Dungeon.
             The game lasted 00:09:56 (3156 turns).

Tirrikindir the Slasher (Octopode Fighter)          Turns: 3156, Time: 00:09:56

Health: -4/43      AC:  1    Str: 18    XL:     6   Next: 46%
Magic:  6/6        EV: 12    Int: 10    God:    Okawaru [......]
Gold:   113        SH:  9    Dex: 13    Spells: 5/5 levels left

rFire    . . .     SeeInvis .   a - +0 long sword
rCold    . . .     Faith    .   b - +0 kite shield
rNeg     . . .     Spirit   .   (helmet restricted)
rPois    .         Reflect  .   (no amulet)
rElec    .         Harm     .   (no ring)
rCorr    .         Rampage  .   (no ring)
Will     .....                  (no ring)
Stlth    +++.......             (no ring)
HPRegen  0.14/turn              (no ring)
MPRegen  0.10/turn              (no ring)
                                (no ring)
                                (no ring)

@: no status effects
A: almost no armour, amphibious, 8 rings, camouflage 1, gelatinous body 1,
(nimble swimmer 1), tentacles, strong 1, noise suppression
a: Renounce Religion


You were on level 4 of the Dungeon.
You worshipped Okawaru.
Okawaru was noncommittal.
You visited 1 branch of the dungeon, and saw 5 of its levels.

You collected 151 gold pieces.
You spent 38 gold pieces at shops.

Inventory:

Hand Weapons
 a - a +0 long sword (weapon)
 c - a +0 rapier
Missiles
 e - 19 poisoned darts (quivered)
Armour
 b - a +0 kite shield (worn)
Wands
 f - a wand of flame (19)
 m - a wand of mindburst (17)
Scrolls
 i - a scroll of enchant weapon {unknown}
 k - a scroll of silence {unknown}
 n - a scroll of magic mapping
Potions
 d - a potion of magic
 g - a potion of mutation
 h - a potion of invisibility
 j - a potion of curing
 l - a potion of berserk rage {unknown}


   Skills:
 + Level 3.7 Fighting
 * Level 4.1 Long Blades
 - Level 4.0 Dodging
 + Level 3.3 Stealth
 + Level 3.8 Shields
 + Level 0.6 Invocations
 + Level 0.8 Evocations


You had 5 spell levels left.
You didn't know any spells.
Your spell library was empty.

Dungeon Overview and Level Annotations

Branches:
Dungeon (5/15)
 Temple: D:4-7

Altars:
Okawaru
Trog

Shops:
D:3 ?


Innate Abilities, Weirdness & Mutations

You cannot wear most types of armour.
You are amphibious.
You can wear up to eight rings at the same time.
Your skin changes colour to match your surroundings (Stealth+).
Your rubbery body absorbs attacks. (AC +1, EV +1)
((You are camouflaged near water. (Stealth+)))
You have tentacles for arms and can constrict up to eight enemies at once.
Your muscles are strong. (Str +2)
You passively dampen the noise of your surroundings.


Message History

An orc is nearby!
The orc shouts!
The orc barely misses you.
You riposte.
You closely miss the orc. You grab the orc. You squeeze the orc!
You kill the orc!
Okawaru accepts your kill.
Things that are here:
a +0 flail; a +0 leather armour HP restored.
Found a stone staircase leading down.
An orc and an orc wizard come into view. 2 orcs come into view.
An orc priest comes into view. It is wielding a +0 club.
The orc shouts! x2; The orc wizard shouts!
You barely miss the orc priest. Your grab misses the orc priest.
The orc misses you. You block the orc priest's attack.
The orc barely misses you.
You slash the orc wizard! Your grab misses the orc wizard.
Your squeeze misses the orc wizard.
The orc wizard is severely wounded.
You block the orc's attack.
The orc wizard gestures at you while chanting.
The puff of flame hits you!
You barely miss the orc wizard. Your grab misses the orc wizard.
Your squeeze misses the orc wizard.
The orc wizard is severely wounded.
You block the orc's attack. The orc wizard casts a spell at you.
The magic dart hits you.
You slash the orc!
You kill the orc!
Okawaru accepts your kill. You block the orc wizard's attack.
The orc priest invokes the aid of Beogh against you.
Beogh smites you! The orc hits you with a +0 dagger.
The orc wizard hits you with a +0 dagger.
* * * LOW HITPOINT WARNING * * *
The orc priest invokes the aid of Beogh against you.
Beogh smites you!
You die...

#.##)# #. ## #. #.##)#
#. #.###.# #.##.###.
...#....########.##.##..
..#...................
..>..###........).#..
#.......####.##..##.
...##.o###..# #.##.....
#...o@....####.###.###
#.#oo###.##........# #
#.. #.##.##.##..# # ..#.
#.# #.##..### #.### #.#
#.....).. #. #.#
#[.#.##.. # #.#
#..#..... .. #. #.##..
...#.###.


You could see an orc priest, an orc wizard and 2 orcs.

Vanquished Creatures
  A scorpion (D:4)
  A howler monkey (D:4)
  An orc wizard (D:4)
  A hound skeleton (D:4)
  3 gnolls (D:2)
  5 adders
  3 worms
  2 dart slugs (D:1)
  10 orcs
  7 ball pythons
  6 endoplasms
  3 giant cockroaches
  8 goblins
  13 hobgoblins
  2 jackals (D:1)
  3 quokkas
  6 bats
  A frilled lizard (D:3)
  7 kobolds
  4 rats
87 creatures vanquished.

Vanquished Creatures (collateral kills)
  2 hobgoblins (D:1)
  A bat (D:1)
  A goblin (D:1)
4 creatures vanquished.

Vanquished Creatures (others)
  4 plants (D:3)
4 creatures vanquished.

Grand Total: 95 creatures vanquished

Notes
Turn   | Place    | Note
-------+----------+-------------------------------------------
     0 | D:1      | Tirrikindir the Octopode Fighter began the quest for the
                  | Orb.
     0 | D:1      | Reached XP level 1. HP: 16/16 MP: 1/1
   150 | D:1      | Reached XP level 2. HP: 21/21 MP: 2/2
   293 | D:1      | Reached skill level 1 in Stealth
   402 | D:1      | Reached XP level 3. HP: 25/26 MP: 3/3
   723 | D:2      | Found a faded altar of an unknown god.
  1005 | D:2      | Reached XP level 4. HP: 16/31 MP: 4/4
  1751 | D:3      | Reached XP level 5. HP: 32/36 MP: 5/5
  1785 | D:3      | You fall into a shaft and drop 2 floors!
  1785 | D:5      | Entered Level 5 of the Dungeon
  2394 | D:3      | Gained mutation: Your muscles are strong. (Str +2) [potion
                  | of mutation]
  2394 | D:3      | Gained mutation: You passively dampen the noise of your
                  | surroundings. [potion of mutation]
  2514 | D:3      | Found a bloodstained altar of Trog.
  2514 | D:3      | Found an iron altar of Okawaru.
  2525 | D:3      | Became a worshipper of Warmaster Okawaru
  2704 | D:3      | Found Lilag's Magic Scroll Boutique.
  2724 | D:3      | Bought a scroll of magic mapping for 38 gold pieces
  2756 | D:3      | Reached XP level 6. HP: 42/42 MP: 6/6
  3156 | D:4      | Killed from afar by an orc priest

Illustrated notes

Levels and vault maps discovered:
D:1:      psy_arrival_statuary, layout_loops_ring, minivault_24,
          serial_park_tiny_pond
D:2:      layout_rooms, ebering_ecumenical_altar_sacrificial
D:3:      layout_basic, grunt_temple_overflow_bloody_war, serial_shops,
          nicolae_shop_stone, serial_bayou_pond_b, serial_bayou_ford_a,
          hex_large, moated_statue
D:4:      layout_loops_ring
D:5:      layout_basic, uniq_grinder

Skill      XL: |  1  2  3  4  5  6 |
---------------+-------------------+-----
Stealth        | 1 2 3 |  3.3
Long Blades    | 3 4 |  4.1
Dodging        | 4 |  4.0
Fighting       | |  3.7
Shields        | |  3.8
Invocations    | |  0.6
Evocations     | |  0.8

Action                   |  1- 3 |  4- 6 || total
-------------------------+-------+-------++-------
Melee: Long sword        |    62 |    93 ||   155
       Constrict         |    21 |    27 ||    48
       Tentacles         |    14 |    17 ||    31
Throw: Dart              |     1 |       ||     1
  Use: Scroll            |     3 |     3 ||     6
       Potion            |       |     3 ||     3
 Stab: Sleeping          |     8 |     9 ||    17
Armor: Skin              |     2 |     2 ||     4
Dodge: Dodged            |    26 |    37 ||    63
Block: Kite shield       |    17 |    48 ||    65
       Rpst.: Long sword |    10 |     8 ||    18
